 Dungeon Crawl Stone Soup version 0.32-a0-42-ga30500b (webtiles) character file.

Game seed: 958797795766346301

10273 Dorkslayer the Cleaver (level 11, -16/73 HPs)
             Began as an Octopode Fighter on Jan 28, 2024.
             Was the Champion of Dithmenos.
             Demolished by a sun demon (18 damage)
             ... summoned by the player character
             ... on level 2 of the Orcish Mines.
             The game lasted 00:32:49 (8559 turns).

Dorkslayer the Cleaver (Octopode Fighter)           Turns: 8559, Time: 00:32:50

Health: -16/73     AC:  1    Str: 19    XL:     11   Next: 59%
Magic:  11/11      EV: 15    Int: 11    God:    Dithmenos [******]
Gold:   756        SH: 15    Dex: 21    Spells: 10/10 levels left

rFire   . . .        j - +16 obsidian axe {drain, demonic, Mesm ^Drain Fly SInv}
rCold   . . .        i - +3 kite shield
rNeg    . . .        (helmet restricted)
rPois   .            s - amulet of Nuse {Regen+ Dex+3}
rElec   .            g - +4 ring of slaying
rCorr   .            x - +6 ring of dexterity
SInv    +            (no ring)
Will    .....        (no ring)
Stlth   +++++++++    (no ring)
HPRegen 1.12/turn    (no ring)
MPRegen 0.12/turn    (no ring)
                     (no ring)

%: no passive effects
@: flying, mesmerised, hasted, wreathed by umbra, very quick
A: almost no armour, amphibious, 8 rings, camouflage 1, gelatinous body 1,
(nimble swimmer 1), tentacles
a: Renounce Religion, Shadow Step, Shadow Form


You were on level 2 of the Orcish Mines.
You worshipped Dithmenos.
Dithmenos was exalted by your worship.
You visited 3 branches of the dungeon, and saw 12 of its levels.
You also visited: Sewer, Ossuary and Bailey.

You collected 756 gold pieces.

Inventory:

Hand Weapons
 j - the +16 obsidian axe (weapon) {drain, demonic, Mesm ^Drain Fly SInv}
   (You acquired it on level 6 of the Dungeon)

   Mesm:      Its wielder is mesmerised by any visible foes, and it cannot be
   unequipped while any foes are visible.
   SInv:      It lets you see invisible.
   Fly:       It grants you flight.
   ^Drain:    It drains your maximum health when unequipped.
 v - a +3 war axe
Missiles
 a - 3 javelins (quivered)
 c - 3 throwing nets
 n - a curare-tipped dart
 A - 3 boomerangs
Armour
 i - a +3 kite shield (worn)
Jewellery
 g - a +4 ring of slaying (left tentacle)
 s - the amulet of Nuse (around mantle) {Regen+ Dex+3}
   (You found it on level 7 of the Dungeon)

   [amulet of regeneration]

   Dex+3:     It affects your dexterity (+3).
   Regen+:    It increases your rate of health regeneration.
 x - a +6 ring of dexterity (right tentacle)
Talismans
 e - a serpent talisman
 l - a maw talisman
Wands
 d - a wand of mindburst (1)
 p - a wand of iceblast (1)
Scrolls
 m - a scroll of poison
 q - a scroll of fear
 r - 5 scrolls of fog
 u - a scroll of immolation
 y - 2 scrolls of teleportation
Potions
 b - 5 potions of brilliance
 f - 2 potions of heal wounds
 h - 3 potions of cancellation
 k - 2 potions of haste
 o - 4 potions of curing
 t - 2 potions of magic
 w - a potion of berserk rage


   Skills:
 * Level 6.3 Fighting
 + Level 8.9 Axes
 + Level 1.5 Throwing
 * Level 4.7 Dodging
 + Level 7.6 Stealth
 * Level 7.0 Shields
 * Level 6.1 Unarmed Combat
 * Level 7.2 Evocations
 * Level 6.3 Shapeshifting


You had 10 spell levels left.
You didn't know any spells.
Your spell library contained the following spells:

 Spells                   Type           Power      Damage    Failure   Level
 Kiss of Death            Conj/Necr      0%         2d5       61%         1
 Magic Dart               Conj           0%         1d3       61%         1
 Sting                    Conj/Alch      0%         1d3       61%         1
 Cigotuvi's Dreadful Rot  Necr/Alch/Air  0%         N/A       75%         2
 Ensorcelled Hibernation  Hex/Ice        0%         N/A       75%         2
 Mercury Vapours          Alch/Air       0%         N/A       75%         2
 Searing Ray              Conj           0%         2d4       75%         2
 Confusing Touch          Hex            0%         N/A       93%         3
 Passwall                 Erth           0%         N/A       93%         3
 Swiftness                Air            0%         N/A       93%         3
 Dispel Undead            Necr           0%         3d6       100%        4
 Fulminant Prism          Conj/Alch      0%         3d5       100%        4
 Leda's Liquefaction      Alch/Erth      0%         N/A       100%        4
 Martyr's Knell           Necr/Summ      0%         N/A       100%        4
 Olgreb's Toxic Radiance  Alch           0%         N/A       100%        4
 Lee's Rapid Deconstruct  Erth           0%         3d4*      100%        5
 Bombard                  Conj/Erth      0%         9d1       100%        6
 Death Channel            Necr           0%         N/A       100%        6


Dungeon Overview and Level Annotations

Branches:
Dungeon (9/15)             Temple (1/1) D:5            Lair (0/5) D:8
    Orc (2/2) D:9           Sewer (visited)         Ossuary (visited)
 Bailey (visited)
    Elf: Orc:2

Altars:
Ashenzari
Cheibriados
Dithmenos
Elyvilon
Fedhas
Gozag
Hepliaklqana
Kikubaaqudgha
Makhleb
Nemelex Xobeh
Okawaru
Qazlal
Ru
Sif Muna
Trog
Uskayaw
Vehumet
Wu Jian
Xom
Yredelemnul
Zin
The Shining One

Shops:
D:6 [


Innate Abilities, Weirdness & Mutations

You cannot wear most types of armour.
You are amphibious.
You can wear up to eight rings at the same time.
Your skin changes colour to match your surroundings (Stealth+).
Your rubbery body absorbs attacks. (AC +1, EV +1)
((You are camouflaged when in or above water. (Stealth+)))
You have tentacles for arms and can constrict up to eight enemies at once.


Message History

Visions of slaying the warg flood into your mind.
The warg bites you.
The kobold blastminer's cannon shakes and flares with a red glow.
The kobold blastminer unwields a +0 arbalest.
The kobold blastminer hits you!
You hit the kobold blastminer.
You kill the kobold blastminer!
Dithmenos accepts your kill.
You closely miss the warg. You block the warg's attack. The warg misses you.
Unknown command.
You hit the orc warrior but do no damage.
You drain the orc warrior. You open a gate to Pandemonium!
A demon appears!
It doesn't seem very happy.
You kill the orc warrior!
Dithmenos accepts your kill.
You hit the warg but do no damage. You drain the warg.
You open a gate to Pandemonium!
A demon appears!
You are no longer entranced.
You kill the warg!
Dithmenos accepts your kill.
Visions of slaying the sun demon flood into your mind.
Your Shields skill increases to level 7!
You slice the orc knight!! Your grab misses the orc knight.
Your squeeze misses the orc knight.
The orc knight is heavily wounded.
Your shadow hits the orc knight with a broad axe.
Visions of slaying the orc knight flood into your mind.
You hit the orc knight but do no damage.
Your grab misses the orc knight.
The orc knight is heavily wounded.
You closely miss the sun demon.
Visions of slaying the sun demon flood into your mind.
The orc warrior hits you from afar with a +0 trident!
* * * LOW HITPOINT WARNING * * *
You block the orc knight's attack.
Your ynoxinul gestures at the sun demon.
The iron shot hits the sun demon!
The sun demon hits you!!
* * * LOW HITPOINT WARNING * * *
You are engulfed in flames!!
You die...

.## (... #...##
#..... ##.)o###
.#...§§§### #
......o@3.##
#..<..#.#§§..## #.. #
#§§3..# #### #...
##§§..## ##..#
#....##..#.##
#...###.$..#..####
#.....####.....#
##.......#.......###
.#..##<).#..##.....##


You could see an orc knight, a sun demon (summoned, mesmerising, ally target),
an orc warrior (strong) and a friendly ynoxinul (summoned).

Vanquished Creatures
  2 kobold blastminers (Orc:2)
  Maggie (D:8)
  A troll (Orc:1)
  Prince Ribbit (D:5)
  The ghost of Dorkslayer the Insei, an amateur OpSh (D:3)
  2 wyverns (D:8)
  5 yaks (D:8)
  2 wargs (Orc:2)
  A steam dragon (D:7)
  Edmund (D:6)
  An acid dragon (D:8)
  Duvessa (D:5)
  A water moccasin (D:7)
  A black bear (D:4)
  An ice beast (D:7)
  10 orc warriors
  2 sky beasts (D:7)
  2 ogres
  2 centaurs
  2 phantoms
  2 kobold brigands (D:7)
  3 bullfrogs
  3 scorpions
  12 wights
  A burial acolyte (Ossuary)
  Dowan (D:5)
  5 killer bees (D:9)
  5 vampire bats (Bailey)
  An electric eel (D:8)
  4 wolf zombies (Bailey)
  2 bombardier beetles
  4 hounds
  7 orc priests
  A gnoll bouda (D:7)
  3 sleepcaps
  Crazy Yiuf (D:6)
  2 iguanas
  21 orc wizards
  A mummy (Ossuary)
  12 gnolls
  13 adders
  3 river rats (D:6)
  2 shadow imps
  2 white imps
  4 ufetubi
  13 dart slugs
  3 ribbon worms
  44 orcs
  12 ball pythons
  16 endoplasms
  13 giant cockroaches
  A goblin (D:4)
  5 hobgoblins
  5 jackals
  18 kobolds
  8 quokkas
  6 bats
  10 frilled lizards
  8 gnoll skeletons (Ossuary)
  5 kobold skeletons (Ossuary)
  7 orc skeletons (Ossuary)
  18 orc zombies (Bailey)
  6 rats
353 creatures vanquished.

Vanquished Creatures (collateral kills)
  A gargoyle (Bailey)
  A yak (D:8)
  A wyvern (D:8)
  A vampire (Bailey)
  3 basilisks (D:8)
  A steam dragon (D:8)
  2 orc warriors (D:9)
  2 vampire bats (Bailey)
  An orc priest (D:8)
  A jelly (D:8)
  An orc wizard (D:9)
  2 gnolls (D:7)
  An orc zombie (Bailey)
  4 orcs
22 creatures vanquished.

Vanquished Creatures (others)
  An orc wizard (Orc:2)
1 creature vanquished.

Grand Total: 376 creatures vanquished

Notes
Turn   | Place    | Note
-------+----------+-------------------------------------------
     0 | D:1      | Dorkslayer the Octopode Fighter began the quest for the
                  | Orb.
     0 | D:1      | Reached XP level 1. HP: 16/16 MP: 1/1
    66 | D:1      | Found a faded altar of an unknown god.
    71 | D:1      | Reached XP level 2. HP: 17/21 MP: 2/2
   844 | D:2      | Reached XP level 3. HP: 23/26 MP: 3/3
  1345 | D:2      | Reached skill level 1 in Unarmed Combat
  1440 | D:2      | Reached skill level 1 in Stealth
  1723 | D:3      | Reached XP level 4. HP: 30/31 MP: 4/4
  1793 | D:3      | Reached skill level 3 in Axes
  1818 | D:3      | Found a runed translucent door.
  1825 | D:3      | Noticed Dorkslayer's ghost (amateur OpSh)
  1837 | D:3      | Reached XP level 5. HP: 26/36 MP: 5/5
  1838 | D:3      | Killed Dorkslayer's ghost
  1839 | D:3      | Reached skill level 1 in Evocations
  1839 | D:3      | Reached skill level 1 in Shapeshifting
  1839 | D:3      | Reached XP level 6. HP: 31/42 MP: 6/6
  1845 | D:3      | Found a runed translucent door.
  2407 | D:4      | Reached skill level 4 in Axes
  2644 | D:4      | Reached XP level 7. HP: 44/46 MP: 7/7
  2983 | D:5      | Entered Level 5 of the Dungeon
  3018 | D:5      | Noticed Prince Ribbit
  3023 | D:5      | Killed Prince Ribbit
  3210 | D:5      | Noticed Duvessa
  3212 | D:5      | Noticed Dowan
  3217 | D:5      | Killed Duvessa
  3218 | D:5      | Reached skill level 5 in Axes
  3218 | D:5      | Reached XP level 8. HP: 34/53 MP: 8/8
  3219 | D:5      | Killed Dowan
  3624 | D:5      | Found a staircase to the Ecumenical Temple.
  3638 | Temple   | Entered the Ecumenical Temple
  3656 | Temple   | Became a worshipper of Dithmenos the Shadowed
  3964 | D:6      | Noticed Edmund
  3969 | D:6      | Killed Edmund
  3995 | D:6      | Reached XP level 9. HP: 31/58 MP: 9/9
  4078 | D:6      | Found Disuro's Armour Shop.
  4163 | D:6      | Reached skill level 6 in Axes
  4170 | D:6      | Found a glowing drain.
  4177 | Sewer    | Entered a sewer
  4187 | Sewer    | Reached skill level 5 in Shields
  4220 | Sewer    | Reached * piety under Dithmenos
  4347 | Sewer    | Reached ** piety under Dithmenos
  4477 | D:6      | Reached skill level 5 in Stealth
  4532 | D:6      | Found a sand-covered staircase.
  4541 | Ossuary  | Entered an ossuary
  4705 | Ossuary  | Reached *** piety under Dithmenos
  4881 | D:6      | Reached skill level 5 in Evocations
  5158 | D:6      | Identified a scroll of acquirement
  5158 | D:6      | Acquired the +16 obsidian axe {drain, demonic, Mesm ^Drain
                  | Fly SInv}
  5158 | D:6      | Found the +16 obsidian axe {drain, demonic, Mesm ^Drain Fly
                  | SInv}
  5274 | D:6      | Found a runed translucent door.
  5275 | D:6      | Noticed Crazy Yiuf
  5282 | D:6      | Killed Crazy Yiuf
  5331 | D:7      | Found a flagged portal.
  5344 | Bailey   | Entered a bailey
  5558 | Bailey   | Reached **** piety under Dithmenos
  5597 | Bailey   | Reached skill level 5 in Unarmed Combat
  5600 | Bailey   | Reached skill level 7 in Axes
  5607 | Bailey   | Reached XP level 10. HP: 65/65 MP: 10/10
  5642 | Bailey   | Noticed a gargoyle
  5648 | Bailey   | Killed a gargoyle
  5664 | Bailey   | Identified the +0 robe of the Fiend {Archmagi}
  5668 | Bailey   | Identified the scarf of the Swamp {rC+ rF+, Will+ rCorr
                  | Int+4 Dex+2}
  6138 | D:7      | Found a broken altar of Ashenzari.
  6164 | D:7      | Identified the amulet of Nuse {Regen+ Dex+3}
  6408 | D:7      | Reached ***** piety under Dithmenos
  6451 | D:7      | Reached skill level 5 in Fighting
  6451 | D:7      | Reached skill level 5 in Shapeshifting
  6624 | D:8      | Noticed Maggie
  6627 | D:8      | Killed Maggie
  6647 | D:8      | Reached skill level 8 in Axes
  6889 | D:8      | Found a white marble altar of Elyvilon.
  6946 | D:8      | Reached skill level 1 in Throwing
  7004 | D:8      | Reached XP level 11. HP: 72/72 MP: 11/11
  7013 | D:8      | Found a staircase to the Lair.
  8065 | D:9      | Found a staircase to the Orcish Mines.
  8323 | Orc:1    | Entered Level 1 of the Orcish Mines
  8404 | Orc:2    | Entered Level 2 of the Orcish Mines
  8407 | Orc:2    | Reached ****** piety under Dithmenos
  8543 | Orc:2    | Noticed an orc knight
  8557 | Orc:2    | Noticed a sun demon
  8559 | Orc:2    | HP: 2/73 [sun demon[the player character] (19)]
  8559 | Orc:2    | Demolished by a sun demon

Illustrated notes

Levels and vault maps discovered:
D:1:      lemuel_arrival_broad_hall, layout_basic,
          shapermc_ecumenical_altar_mp_highgroup, minmay_misc_feat_alley
D:2:      layout_loops_ring, serial_bayou, serial_bayou_shore_a,
          serial_bayou_lagoon_a, serial_bayou_pond_d, serial_bayou_shore_b,
          kennysheep_big_empty_room, grunt_ministairs_14
D:3:      layout_loops_ring, ebering_ghost_sewer_f
D:4:      layout_loops_ring, minivault_4, hangedman_decor_growths,
          kennysheep_small_circle
D:5:      layout_loops_ring, minmay_temple_entry_offerings,
          dreamdust_princess_bridge, grunt_decor_fettered, uniq_prince_ribbit1,
          uniq_duvessa
D:6:      layout_gridville, nicolae_ossuary_entry_monument, serial_shops, shop,
          lightli_sewer_entry_pipes, hangedman_abyss_or_decor_lesser_grid,
          st_stairs_1, uniq_crazy_yiuf_cottage, uniq_edmund
D:7:      layout_gridville, nicolae_ashenzari_panopticon, enter_bailey_6,
          grunt_decor_arrowhead
D:8:      layout_loops_ring, nicolae_elyvilon_temple_path, erik_lair_dragon,
          kennysheep_generic_room_11, uniq_maggie
D:9:      layout_stronghold, david_orc_4
Temple:   nicolae_temple_bog_church
Orc:1:    layout_diamond_mine, basic_altar, uniq_fannar
Orc:2:    kennysheep_orc_mage_school, layout_diamond_mine

Skill      XL: |  1  2  3  4  5  6  7  8  9 10 11 |
---------------+----------------------------------+-----
Unarmed Combat | 1 2 3 5 6 |  6.1
Stealth        | 1 2 3 4 6 7 |  7.6
Axes           | 3 4 5 7 8 |  8.9
Evocations     | 1 2 3 4 5 6 7 |  7.2
Shapeshifting  | 1 2 3 4 5 6 |  6.3
Shields        | 4 5 6 7 |  7.0
Dodging        | 4 |  4.7
Fighting       | 4 5 6 |  6.3
Throwing       | 1 |  1.5

Action                     |  1- 3 |  4- 6 |  7- 9 | 10-12 || total
---------------------------+-------+-------+-------+-------++-------
  Melee: War axe           |    68 |    53 |   194 |       ||   315
         Constrict         |    18 |     9 |    68 |    28 ||   123
         Tentacles         |     8 |    10 |    51 |    18 ||    87
         Punch             |     2 |     1 |     6 |     5 ||    14
         Broad axe         |       |       |    37 |   131 ||   168
  Throw: Throwing net      |       |       |     1 |       ||     1
         Javelin           |       |       |       |     5 ||     5
  Evoke: Wand              |       |       |     2 |     8 ||    10
    Use: Scroll            |     6 |     5 |    10 |     3 ||    24
         Potion            |       |     1 |     1 |     3 ||     5
   Stab: Sleeping          |     6 |     4 |    46 |    18 ||    74
         Distracted        |       |       |       |     3 ||     3
 Armour: Skin              |    31 |    22 |    79 |    42 ||   174
  Dodge: Dodged            |    49 |    21 |    89 |    48 ||   207
  Block: Buckler           |    12 |       |       |       ||    12
         Kite shield       |     2 |    23 |   125 |    82 ||   232

Table legend: (Time is in decaauts)
 A = Elapsed time spent in this place.
 B = Non-inter-level travel time spent in this place.
 C = Inter-level travel time spent in this place.
 D = Time resting spent in this place.
 E = Time spent auto-exploring this place.
 F = Levels seen in this place.
 G = Mean time per level.
                   A        B        C        D        E       F      G
               +--------+--------+--------+--------+--------+-----+--------+
         Total |   8735 |   8656 |     79 |    103 |   3690 |  15 |  582.3 |
       Dungeon |   7500 |   7421 |     79 |      6 |   3593 |   9 |  833.3 |
        Temple |     36 |     36 |      0 |      0 |      0 |   1 |   36.0 |
  Orcish Mines |    241 |    241 |      0 |      0 |     23 |   2 |  120.5 |
         Sewer |    210 |    210 |      0 |      0 |      0 |   1 |  210.0 |
       Ossuary |    272 |    272 |      0 |     48 |      0 |   1 |  272.0 |
        Bailey |    473 |    473 |      0 |     49 |     74 |   1 |  473.0 |
               +--------+--------+--------+--------+--------+-----+--------+

Top non-repeatable levels by time:
     D:6: 1054 daAuts
     D:5: 968 daAuts
     D:9: 880 daAuts
     D:2: 868 daAuts
     D:1: 849 daAuts
     D:8: 842 daAuts
     D:3: 724 daAuts
     D:7: 661 daAuts
     D:4: 652 daAuts
  Bailey: 473 daAuts
 Ossuary: 272 daAuts
   Sewer: 210 daAuts
   Orc:1: 152 daAuts
   Orc:2: 88 daAuts
  Temple: 36 daAuts
